AoeStats
← OLOPACIO

Glade

510833317Analyzed
1v1 RM · 16h ago on Oct 2, 2026· 36m 46s· 2 players
Game mode
Random Map
Map size
Tiny (2 player)
Population
200
Speed
Normal
Resources
Standard
Victory
Conquest
Starting age
Dark Age
Ending age
Imperial Age
RankedLock teamsTeams togetherTeam positionsShared explorationLock speedFull tech treeHidden civsTurbo modeCheats
Victory
Defeat
🇧🇴 Spanish · Bolivia
757
+17
🇺🇸 Spanish · United States
768
-17
OLOPACIO
9:00 Feudal Age
9:35 Double-Bit Axe
9:32 Horse Collar
18:02 Castle Age
19:31 Bow Saw
20:12 Stone Mining
21:24 Gold Mining
26:12 Wheelbarrow
26:43 Scale Barding Armor
29:18 Hand Cart
29:04 Heavy Plow
30:32 Chain Barding Armor
30:38 Thumb Ring
35:09 Imperial Age
33:24 Elite Skirmisher
35:24 Stone Shaft Mining
35:19 Fletching
36:47 Conscription
38:05 Chemistry
BeyondAllWords
12:50 Feudal Age
14:17 Man-at-Arms
15:03 Scale Mail Armor
18:51 Forging
21:56 Double-Bit Axe
25:19 Castle Age
23:22 Loom
25:39 Castle Age
24:04 Horse Collar
24:18 Gold Mining
34:58 Padded Archer Armor
Connection lost

Rejoining the realm…

Still unreachable

The connection could not be restored.

Session expired

The server has moved on; the page needs a fresh start.